 Dungeon Crawl Stone Soup version 0.26-a0-664-gc8b27b8fc1 (webtiles) character file.

Game seed: 3863496364944293152

63 Radels the Ruffian (level 3, -10/30 HPs)
             Began as a Draconian Transmuter on Oct 13, 2020.
             Killed by divine providence
             ... invoked by an orc priest
              (12 damage)
             ... on level 3 of the Dungeon.
             The game lasted 00:05:13 (2426 turns).

Radels the Ruffian (Draconian Transmuter)           Turns: 2426, Time: 00:05:14

Health: -10/30     AC:  5    Str: 12    XL:     3   Next: 89%
Magic:  6/6        EV: 12    Int: 14    God:
Gold:   156        SH:  0    Dex: 11    Spells: 0/6 levels left

rFire    . . .     SeeInvis .     - Unarmed
rCold    . . .     Faith    .   (no shield)
rNeg     . . .     Spirit   .   (armour unavailable)
rPois    .         Reflect  .   (helmet restricted)
rElec    .         Harm     .   (no cloak)
rCorr    .         Rampage  .   (no gloves)
MR       .....                  (no boots)
Stlth    +.........             (no amulet)
HPRegen  0.10/turn              (no ring)
MPRegen  0.10/turn              (no ring)

@: no status effects
A: unfitting armour, cold-blooded, AC +5
a: no special abilities


You were on level 3 of the Dungeon.
You visited 1 branch of the dungeon, and saw 3 of its levels.

You collected 156 gold pieces.

Inventory:

Jewellery
 a - an uncursed ring of positive energy {unknown}
 f - an uncursed ring of protection from magic {unknown}
Scrolls
 b - a scroll of magic mapping {unknown}
 d - 2 scrolls of fog {unknown}
 e - a scroll of fear {unknown}
 i - a scroll of enchant weapon {unknown}
 j - a scroll of remove curse {unknown}
 k - a scroll of blinking {unknown}
Potions
 c - a potion of heal wounds {unknown}
 g - a potion of flight {unknown}
 h - a potion of curing {unknown}
 l - 2 potions of might {unknown}


   Skills:
 * Level 2.5 Fighting
 + Level 2.1 Dodging
 + Level 3.2 Unarmed Combat
 + Level 2.3 Spellcasting
 * Level 2.7 Transmutations


You couldn't memorise any spells.
You knew the following spells:

 Your Spells              Type           Power        Failure   Level
a - Beastly Appendage     Tmut           #.....       8%          1
b - Wereblood             Tmut           #.......     12%         2
s - Spider Form           Tmut/Pois      #.........   36%         3

Your spell library contained the following spells:

 Spells                   Type           Power        Failure   Level
 Ice Form                 Ice/Tmut       #.......     78%         4
 Blade Hands              Tmut           #.........   91%         5


Dungeon Overview and Level Annotations

Branches:
Dungeon (3/15)

Altars:
Dithmenos
Kikubaaqudgha


Innate Abilities, Weirdness & Mutations

Your plain brown scales are hard. (AC +5)
You cannot fit into any form of body armour.
You are cold-blooded and may be slowed by cold attacks.


Message History

The weapon returns to the orc!
The orc priest shouts!
The orc shouts!
The orc priest mumbles some strange prayers to Beogh against you.
Beogh smites you!
* * * LOW HITPOINT WARNING * * *
Casting: Beastly Appendage (safe; 8% risk of failure)
Confirm with . or Enter, or press ? or * to list all spells.
The spell is extremely dangerous to cast (36% risk of failure)!
Continue anyway?
Okay, then.
The orc barely misses you.
The orc throws a boomerang.
The boomerang barely misses you.
The weapon returns to the orc!
The orc hits you with a +0 whip!
* * * LOW HITPOINT WARNING * * *
The orc throws a boomerang.
The boomerang closely misses you.
The weapon returns to the orc!
The orc throws a boomerang.
The boomerang closely misses you.
The weapon returns to the orc!
The orc priest calls down the wrath of Beogh upon you.
Beogh smites you!
You die...

#.############.#
#...†.......##.# #
######..########.##.# .#
............# #.##.####.###
######..###.# #.##.........
#..###.####.##......###.o..
######..##.................g....
....<...##........o..######..o..
#######.##.#####@##..####....o..
.... #.##....)..#..... .....
..###............ ###..# ####
#.######## #.# ..#
#.####....###. .# #.o...o# #.#.#
#.#########.## #...o))...)##
############


You could see an orc priest.

Vanquished Creatures
  An adder (D:2)
  An ooze (D:2)
  A dart slug (D:1)
  A leopard gecko (D:1)
  An orc (D:3)
  10 bats
  2 giant cockroaches
  5 hobgoblins
  2 jackals (D:1)
  A ball python (D:3)
  3 frilled lizards
  3 goblins
  11 kobolds
  4 rats
46 creatures vanquished.

Vanquished Creatures (others)
  A fungus (D:2)
  3 toadstools (D:2)
4 creatures vanquished.

Grand Total: 50 creatures vanquished

Notes
Turn   | Place    | Note
-------+----------+-------------------------------------------
     0 | D:1      | Radels the Draconian Transmuter began the quest for the
                  | Orb.
     0 | D:1      | Reached XP level 1. HP: 16/16 MP: 3/3
   433 | D:1      | Reached XP level 2. HP: 9/23 MP: 3/5
  1108 | D:1      | Reached XP level 3. HP: 21/29 MP: 6/6
  1323 | D:2      | Learned a level 2 spell: Wereblood
  1327 | D:2      | Learned a level 3 spell: Spider Form
  1611 | D:2      | Found a shadowy altar of Dithmenos.
  2279 | D:2      | Found an ancient bone altar of Kikubaaqudgha.
  2422 | D:3      | HP: 1/30 [orc/+0 whip (7)]
  2426 | D:3      | Killed from afar by an orc priest

Illustrated notes

Levels and vault maps discovered:
D:1:      dpeg_arrival_renting, layout_basic, minmay_misc_feat_room
D:2:      cheibrodos_old_hovel, layout_basic, lemuel_coloured_pillars_altar,
          nicolae_overflow_crystal_walls, minmay_gold_behind_fungi,
          kennysheep_generic_room_12
D:3:      layout_loops_ring, lemuel_crystal_altar, lemuel_crystal_altar,
          chequers_ecumenical_altar_simple_redux, minmay_misc_feat_hallway,
          hangedman_decor_push, hex_tiny

Skill      XL: |  1  2 |
---------------+-------+-----
Dodging        | 2 |  2.1
Fighting       | 2 |  2.5
Unarmed Combat | |  3.2
Spellcasting   | |  2.3
Transmutations | |  2.7

Action                   || total
-------------------------++-------
Melee: Unarmed           ||   133
       Headbutt          ||     8
       Kick              ||    10
       Tailslap          ||    12
 Cast: Beastly Appendage ||    15
 Stab: Sleeping          ||     1
Armor: Skin              ||    42
Dodge: Dodged            ||    88

Table legend: (Time is in decaauts)
 A = Elapsed time spent in this place.
 B = Non-inter-level travel time spent in this place.
 C = Inter-level travel time spent in this place.
 D = Time resting spent in this place.
 E = Time spent auto-exploring this place.
 F = Levels seen in this place.
 G = Mean time per level.
                   A        B        C        D        E       F      G
               +--------+--------+--------+--------+--------+-----+--------+
         Total |   2417 |   2417 |      0 |    375 |   1665 |   3 |  805.7 |
       Dungeon |   2417 |   2417 |      0 |    375 |   1665 |   3 |  805.7 |
               +--------+--------+--------+--------+--------+-----+--------+

Top non-repeatable levels by time:
     D:1: 1305 daAuts
     D:2: 1027 daAuts
     D:3: 85 daAuts
